 Dungeon Crawl Stone Soup version 0.31-a0-750-gfe7b580527 (webtiles) character file.

Game seed: 15899385302276603998

380 cforsyth the Trooper (level 7, 0/48 HPs)
             Began as a Djinni Delver on Sept 15, 2023.
             Was a Believer of Hepliaklqana.
             Slain by a gnoll
             ... wielding a +0 spear
              (6 damage)
             ... on level 4 of the Dungeon.
             The game lasted 00:04:50 (3299 turns).

cforsyth the Trooper (Djinni Delver)                Turns: 3299, Time: 00:04:51

Health: 0/48       AC:  3    Str: 11    XL:     7   Next: 5%
Gold:   152        EV:  9    Int: 14    God:    Hepliaklqana [**....] SH:  8 Dex: 14

rFire   + + .        a - +0 falchion
rCold   x . .        u - +0 kite shield
rNeg    . . .        b - +0 leather armour
rPois   ∞            (no helmet)
rElec   .            (no cloak)
rCorr   .            (no gloves)
SInv    .            (boots unavailable)
Will    .....        (no amulet)
Stlth   ++           (no ring)
HPRegen 0.28/turn    (no ring)
MPRegen 0.00/turn

%: infuse magic (-1 HP)
@: flying
A: reduced essence, sickness immunity, fire resistance 2, cold vulnerability 1,
float, innate caster, HP casting, extra vitality 1
a: Renounce Religion, Recall Ancestor, Ancestor Identity


You were on level 4 of the Dungeon.
You worshipped Hepliaklqana.
Hepliaklqana was pleased with you.
You visited 2 branches of the dungeon, and saw 6 of its levels.

You collected 152 gold pieces.

Inventory:

Hand Weapons
 a - a +0 falchion (weapon)
Armour
 b - a +0 leather armour (worn)
 u - a +0 kite shield (worn)
Jewellery
 j - a +5 ring of evasion
 w - a ring of protection from cold
Wands
 g - a wand of digging (3)
 i - a wand of flame (13)
 y - a wand of paralysis (10)
Scrolls
 c - a scroll of fog
 d - a scroll of revelation
 e - 3 scrolls of fear
 k - a scroll of teleportation {unknown}
 l - 7 scrolls of identify {unknown}
 m - a scroll of enchant weapon {unknown}
 n - 2 scrolls of poison {unknown}
 o - a scroll of vulnerability {unknown}
 p - a scroll of torment {unknown}
 s - 2 scrolls of noise {unknown}
Potions
 f - 2 potions of haste
 h - a potion of resistance {unknown}
 q - a potion of degeneration {unknown}
 r - a potion of cancellation {unknown}
 t - 2 potions of attraction {unknown}
 v - 2 potions of might {unknown}
 x - a potion of heal wounds {unknown}
 z - a potion of ambrosia {unknown}
 A - 2 potions of enlightenment {unknown}
 B - 2 potions of mutation {unknown}


   Skills:
 + Level 5.2 Fighting
 - Level 1.7 Long Blades
 - Level 2.1 Dodging
 - Level 4.1 Stealth
 + Level 2.8 Shields
 + Level 2.7 Spellcasting
 + Level 2.7 Conjurations
 + Level 2.7 Hexes
   Level 0.0 Charms
 + Level 2.7 Summonings
 + Level 2.7 Necromancy
 + Level 2.7 Translocations
 + Level 2.7 Transmutations
 + Level 2.7 Fire Magic
 + Level 2.7 Ice Magic
 + Level 2.7 Air Magic
 + Level 2.7 Earth Magic
 + Level 2.7 Poison Magic


You knew the following spells:

 Your Spells              Type           Power      Damage    Failure   Level
a - Apportation           Tloc           18%        N/A       38%         1
b - Scorch                Fire           18%        2d5       54%         2
c - Frozen Ramparts       Ice            18%        1d3       77%         3
Your spell library was empty.

Dungeon Overview and Level Annotations

Branches:
Dungeon (5/15)             Temple (1/1) D:5

Altars:
Ashenzari
Dithmenos
Elyvilon
Fedhas
Gozag
Hepliaklqana
Makhleb
Okawaru
Qazlal
Ru
Trog
Wu Jian
Xom
Yredelemnul
Zin

Shops:
D:5 *


Innate Abilities, Weirdness & Mutations

Your life essence is reduced to manifest your ancestor. (-10% HP)
You are immune to sickness and miasma.
You are immune to poison.
Your flesh is very heat resistant. (rF++)
You are vulnerable to cold. (rC-)
You float through the air rather than walking.
You learn spells naturally, not from books.
Your magical power is your life essence.
You have superior vitality. (+4 MHP)


Message History

You closely miss the hound.
The hound is severely wounded.
The gnoll shouts!
The hound closely misses you.
Lucius closely misses the hound.
You block the gnoll's attack. The hound bites you.
You closely miss the hound.
The hound is severely wounded.
You block the hound's attack. You block the gnoll's attack.
Lucius barely misses the hound.
The hound bites you but does no damage.
The gnoll hits you from afar with a +0 halberd!
You are too injured to fight recklessly!
You are too injured to fight recklessly!
You are too injured to fight recklessly!
You are too injured to fight recklessly!
You are too injured to fight recklessly!
You are too injured to fight recklessly!
You closely miss the hound.
The hound is severely wounded.
The hound bites you but does no damage.
Lucius hits the hound with a +0 flail.
You block the gnoll's attack.
The hound bites Lucius.
You catch the helpless hound completely off-guard!
You hit the hound but do no damage.
The hound is almost dead.
The hound barely misses you.
The gnoll hits you from afar with a +0 halberd!
* * * LOW HITPOINT WARNING * * *
Lucius barely misses the hound.
The hound bites you but does no damage.
The gnoll hits you from afar with a +0 spear.
* * * LOW HITPOINT WARNING * * *
The gnoll hits Lucius but does no damage.
You block the gnoll's attack.
You closely miss the hound.
The hound is almost dead.
The hound bites you.
* * * LOW HITPOINT WARNING * * *
Lucius hits the hound with a +0 flail!
The hound dies!
Lucius blocks the gnoll's attack.
The gnoll hits you from afar with a +0 spear.
You die...

###.....................## #..##
###....##..##.......... ...##
...)...##................ #.#.#
..#..##....#..................##
....###.####...................##
..#......................#..#....
...............gg##...........# .
###........ #g##....#..... .#
.##.####### #@R#.#..#.#.# .
..#)#........ ##†#.#....>.# #
..#.........# #$.........# .#
............#####..........##.###
..#.#.......#.....#..............
..#.#.......#...##..##....#...###
.##.#...h...#...#.............#
###.........#......###....#.#.#
.....................(...)..#.#


You could see the friendly Lucius the knight and 3 gnolls.

Vanquished Creatures
  A hound (D:5)
  An orc priest (D:3)
  A gnoll (D:4)
  2 adders
  3 worms
  A dart slug (D:4)
  2 orcs (D:3)
  8 ball pythons
  4 bats
  3 endoplasms
  A giant cockroach (D:1)
  6 goblins
  3 hobgoblins
  6 kobolds
  2 quokkas (D:1)
  5 rats
49 creatures vanquished.

Vanquished Creatures (collateral kills)
  A black bear (D:3)
  A phantom (D:3)
  A hound (D:4)
  A jelly (D:4)
  Ijyb (D:4)
  3 orcs (D:3)
  A giant cockroach (D:1)
  2 goblins
  2 quokkas (D:3)
  A ball python (D:3)
  A frilled lizard (D:1)
  A kobold (D:1)
16 creatures vanquished.

Vanquished Creatures (others)
  A knight (D:3)
1 creature vanquished.

Grand Total: 66 creatures vanquished

Notes
Turn   | Place    | Note
-------+----------+-------------------------------------------
     0 | D:5      | cforsyth the Djinni Delver began the quest for the Orb.
     0 | D:5      | Reached XP level 1. HP: 20/20 MP: 0/0
     3 | D:5      | Noticed a hound
    17 | D:5      | Killed a hound
    18 | D:5      | Reached skill level 1 in Spellcasting
    18 | D:5      | Reached skill level 1 in Conjurations
    18 | D:5      | Reached skill level 1 in Hexes
    18 | D:5      | Reached skill level 1 in Summonings
    18 | D:5      | Reached skill level 1 in Necromancy
    18 | D:5      | Reached skill level 1 in Translocations
    18 | D:5      | Reached skill level 1 in Transmutations
    18 | D:5      | Reached skill level 1 in Fire Magic
    18 | D:5      | Reached skill level 1 in Ice Magic
    18 | D:5      | Reached skill level 1 in Air Magic
    18 | D:5      | Reached skill level 1 in Earth Magic
    18 | D:5      | Reached skill level 1 in Poison Magic
    18 | D:5      | Reached XP level 2. HP: 15/25 MP: 0/0
    18 | D:5      | Reached XP level 3. HP: 18/30 MP: 0/0
    18 | D:5      | Learned a level 1 spell: Apportation
    88 | D:5      | Found a broken altar of Ashenzari.
   112 | D:5      | Found a burning altar of Makhleb.
   124 | D:5      | Found a staircase to the Ecumenical Temple.
   138 | Temple   | Entered the Ecumenical Temple
   157 | Temple   | Became a worshipper of Hepliaklqana the Forgotten
   197 | D:5      | Found Ea-nāṣir's Fine Metal Goods.
   214 | D:4      | Noticed Ijyb
   352 | D:4      | Found an opulent altar of Gozag.
   455 | D:4      | Reached XP level 4. HP: 29/37 MP: 0/0
   522 | D:2      | Reached skill level 4 in Fighting
   942 | D:1      | Reached * piety under Hepliaklqana
  1666 | D:2      | Found a blossoming altar of Fedhas.
  1786 | D:2      | Reached XP level 5. HP: 28/36 MP: 0/0
  1786 | D:2      | Learned a level 2 spell: Scorch
  1990 | D:3      | Reached ** piety under Hepliaklqana
  1991 | D:3      | Remembered your ancestor Lucius as a knight
  2088 | D:3      | Identified the +2 pair of gloves "Loinentur" {rElec}
  2115 | D:3      | Found a bloodstained altar of Trog.
  2123 | D:3      | Found a shadowy altar of Dithmenos.
  2460 | D:3      | Reached skill level 1 in Shields
  2588 | D:3      | Noticed a black bear
  2602 | D:3      | Killed a black bear
  2603 | D:3      | Reached XP level 6. HP: 15/44 MP: 0/0
  2917 | D:3      | Reached skill level 5 in Fighting
  3269 | D:4      | Killed Ijyb
  3270 | D:4      | Reached XP level 7. HP: 46/48 MP: 0/0
  3270 | D:4      | Learned a level 3 spell: Frozen Ramparts
  3299 | D:4      | Slain by a gnoll

Illustrated notes

Levels and vault maps discovered:
D:1:      onia_arrival_pentagram, layout_basic
D:2:      layout_rooms, basic_altar
D:3:      layout_basic, grunt_dithmenos_smoke,
          mainiacjoe_overflow_concentric_impassable
D:4:      layout_rooms, old_standard_altar, nemelex_spade_bored_becter,
          old_standard_altar, uniq_ijyb
D:5:      nicolae_BIG_FREAKIN_CUBE, layout_rooms, lemuel_doored_altar,
          mainiacjoe_overflow_24_doors, temple_fountains,
          nicolae_ea-nasir_strikes_again
Temple:   nicolae_temple_slightly_damp_pantheon

Skill      XL: |  1  2  3  4  5  6 |
---------------+-------------------+-----
Spellcasting   | 1 2 |  2.7
Conjurations   | 1 2 |  2.7
Hexes          | 1 2 |  2.7
Summonings     | 1 2 |  2.7
Necromancy     | 1 2 |  2.7
Translocations | 1 2 |  2.7
Transmutations | 1 2 |  2.7
Fire Magic     | 1 2 |  2.7
Ice Magic      | 1 2 |  2.7
Air Magic      | 1 2 |  2.7
Earth Magic    | 1 2 |  2.7
Poison Magic   | 1 2 |  2.7
Fighting       | 4 5 |  5.2
Shields        | 2 |  2.8
Long Blades    | |  1.7
Dodging        | |  2.1
Stealth        | |  4.1

Action                     |  1- 3 |  4- 6 |  7- 9 || total
---------------------------+-------+-------+-------++-------
  Melee: Falchion          |    29 |   168 |    10 ||   207
         Punch             |     1 |       |       ||     1
 Invoke: Recall Ancestor   |       |     2 |       ||     2
         Ancestor Life: Kn |       |     1 |       ||     1
   Stab: Sleeping          |       |    11 |       ||    11
         Distracted        |       |     2 |     1 ||     3
 Armour: Leather armour    |    17 |   123 |    13 ||   153
  Dodge: Dodged            |    26 |   103 |     4 ||   133
  Block: Kite shield       |       |    31 |    11 ||    42

Table legend: (Time is in decaauts)
 A = Elapsed time spent in this place.
 B = Non-inter-level travel time spent in this place.
 C = Inter-level travel time spent in this place.
 D = Time resting spent in this place.
 E = Time spent auto-exploring this place.
 F = Levels seen in this place.
 G = Mean time per level.
                   A        B        C        D        E       F      G
               +--------+--------+--------+--------+--------+-----+--------+
         Total |   3368 |   3283 |     85 |    215 |   2294 |   6 |  561.3 |
       Dungeon |   3329 |   3263 |     66 |    215 |   2294 |   5 |  665.8 |
        Temple |     38 |     19 |     19 |      0 |      0 |   1 |   38.0 |
               +--------+--------+--------+--------+--------+-----+--------+

Top non-repeatable levels by time:
     D:3: 959 daAuts
     D:1: 959 daAuts
     D:2: 756 daAuts
     D:4: 359 daAuts
     D:5: 294 daAuts
  Temple: 38 daAuts
